 Dungeon Crawl Stone Soup version 0.28.0-49-g6dfe1f597d (webtiles) character file.

Game seed: 7883016615192901529

119 Aphynety the Firebug (level 4, -4/30 HPs)
             Began as a Demonspawn Fire Elementalist on May 18, 2022.
             Killed by divine providence
             ... invoked by an orc priest
              (14 damage)
             ... on level 3 of the Dungeon.
             The game lasted 00:11:43 (3696 turns).

Aphynety the Firebug (Demonspawn Fire Elementalist) Turns: 3696, Time: 00:11:43

Health: -4/30      AC:  2    Str:  8    XL:     4   Next: 74%
Magic:  1/8        EV: 12    Int: 18    God:
Gold:   132        SH:  0    Dex: 14    Spells: 7/8 levels left

rFire   . . .      SeeInvis .   j - staff of poison
rCold   . . .      Faith    .   (no shield)
rNeg    . . .      Spirit   .   a - +0 robe
rPois   +          Reflect  .   (no helmet)
rElec   .          Harm     .   (no cloak)
rCorr   .          Rampage  .   (no gloves)
Will    .....                   (no boots)
Stlth   ++........              (no amulet)
HPRegen 0.10/turn               (no ring)
MPRegen 0.11/turn               (no ring)

@: no status effects
A: claws 2, powered by death 1
a: no special abilities


You were on level 3 of the Dungeon.
You visited 1 branch of the dungeon, and saw 3 of its levels.

You collected 132 gold pieces.

Inventory:

Armour
 a - a +0 robe (worn)
 k - a +0 leather armour
Magical Staves
 j - a staff of poison (weapon)
Scrolls
 c - 2 scrolls of identify
 d - a scroll of magic mapping
 e - 2 scrolls of teleportation {unknown}
 f - a scroll of vulnerability {unknown}
Potions
 b - a potion of experience {unknown}
 g - a potion of mutation {unknown}
 h - a potion of curing {unknown}
 i - a potion of magic {unknown}


   Skills:
 + Level 0.1 Staves
 + Level 2.6 Dodging
 - Level 2.0 Stealth
 + Level 2.9 Spellcasting
 + Level 2.3 Conjurations
 + Level 3.3 Fire Magic


You had 7 spell levels left.
You knew the following spells:

 Your Spells              Type           Power      Damage    Failure   Level
a - Foxfire               Conj/Fire      48%        2x1d6     5%          1

Your spell library contained the following spells:

 Spells                   Type           Power      Damage    Failure   Level
 Scorch                   Fire           28%        2d6       6%          2
 Conjure Flame            Conj/Fire      12%        6-21      16%         3
 Summon Small Mammal      Summ           8%         N/A       17%         1
 Inner Flame              Hex/Fire       8%         N/A       24%         3
 Call Canine Familiar     Summ           2%         N/A       45%         3
 Summon Guardian Golem    Hex/Summ       2%         N/A       45%         3
 Flame Wave               Conj/Fire      12%        2d6       45%         4


Dungeon Overview and Level Annotations

Branches:
Dungeon (3/15)

Altars:


Innate Abilities, Weirdness & Mutations

You have very sharp fingernails.
You regenerate a little health from kills.


Message History

You conjure some foxfire!
The foxfire hits the orc.
The orc is lightly wounded.
The foxfire hits the orc.
You kill the orc!
You are too depleted to draw on your mana recklessly!
You conjure some foxfire!
The foxfire hits the orc.
You kill the orc!
The orc priest mumbles some strange prayers to Beogh against you.
Beogh smites you!
Your foxfire dissipates!
The orc priest invokes the aid of Beogh against you.
Pain shoots through your body!
* * * LOW HITPOINT WARNING * * *
The orc priest looks braver for a moment.
You are too injured to fight recklessly!
Casting: Foxfire (safe; 5% risk of failure)
Confirm with . or Enter, or press ? or * to list all spells.
You conjure some foxfire!
You see here a +0 falchion.
There is a stone staircase leading up here.
Your foxfire dissipates! x2
Casting: Foxfire (safe; 5% risk of failure)
Confirm with . or Enter, or press ? or * to list all spells.
You don't have enough magic to cast this spell.
Casting: Foxfire (safe; 5% risk of failure)
Confirm with . or Enter, or press ? or * to list all spells.
You conjure some foxfire!
Your foxfire dissipates!
The foxfire hits the orc priest but does no damage.
Casting: Foxfire (safe; 5% risk of failure)
Confirm with . or Enter, or press ? or * to list all spells.
You don't have enough magic to cast this spell.
The orc priest looks satisfied for a moment.
Things that are here:
a +0 short sword; a +0 leather armour The orc priest mumbles some strange prayers to Beogh against you.
Beogh smites you!
You die...

## #.# ##.# ##.# ###
#รท## #..
###.###.####
##########....#......
#....)..)...)).#
#.##.#####.###@# #.#
#.# #.#
K....h.......# #.#
....########## #)#
### #.# #.# #o# #.#
#.#


You could see an orc priest.

Vanquished Creatures
  An orc wizard (D:3)
  3 adders (D:2)
  2 dart slugs
  7 orcs (D:3)
  2 endoplasms (D:1)
  A giant cockroach (D:3)
  4 goblins
  7 hobgoblins
  4 jackals (D:3)
  3 quokkas
  2 ball pythons (D:1)
  4 bats
  6 frilled lizards (D:1)
  6 kobolds
  4 rats
56 creatures vanquished.

Vanquished Creatures (collateral kills)
  9 foxfires (D:2)
9 creatures vanquished.

Vanquished Creatures (others)
  218 foxfires
  2 plants (D:2)
220 creatures vanquished.

Grand Total: 285 creatures vanquished

Notes
Turn   | Place    | Note
-------+----------+-------------------------------------------
     0 | D:1      | Aphynety the Demonspawn Fire Elementalist began the quest
                  | for the Orb.
     0 | D:1      | Reached XP level 1. HP: 13/13 MP: 3/3
   500 | D:1      | Gained mutation: You have sharp fingernails. [demonic
                  | ancestry]
   500 | D:1      | Reached XP level 2. HP: 19/19 MP: 0/5
  1597 | D:2      | Reached skill level 3 in Fire Magic
  1724 | D:2      | Gained mutation: You regenerate a little health from kills.
                  | [demonic ancestry]
  1724 | D:2      | Reached XP level 3. HP: 24/24 MP: 0/6
  3187 | D:3      | Gained mutation: You have very sharp fingernails. [demonic
                  | ancestry]
  3187 | D:3      | Reached XP level 4. HP: 30/30 MP: 4/7
  3696 | D:3      | Killed from afar by an orc priest

Illustrated notes

Levels and vault maps discovered:
D:1:      dpeg_arrival_solitude, layout_basic
D:2:      layout_basic, serial_forest, infiniplex_forest_split,
          infiniplex_forest_join, infiniplex_forest_clump_double,
          infiniplex_forest_lined_room_2, infiniplex_forest_pool,
          minmay_misc_feat_chi, minmay_tripent
D:3:      kennysheep_goblin_castle, layout_loops_ring,
          grunt_temple_overflow_open, hellmonk_ecumenical_altar_crossroads

Skill      XL: |  1  2  3  4 |
---------------+-------------+-----
Stealth        | 2 |  2.0
Dodging        | 2 |  2.6
Fire Magic     | 3 |  3.3
Conjurations   | 2 |  2.3
Staves         | |  0.1
Spellcasting   | |  2.9

Action                   |  1- 3 |  4- 6 || total
-------------------------+-------+-------++-------
Melee: Unarmed           |     8 |       ||     8
       Staff             |   141 |    41 ||   182
       Punch             |     1 |       ||     1
 Cast: Foxfire           |   111 |    32 ||   143
  Use: Scroll            |     3 |       ||     3
Armor: Robe              |     1 |     7 ||     8
Dodge: Dodged            |     4 |    31 ||    35
